 Dungeon Crawl Stone Soup version 0.18.1-6-gd335043 (webtiles) character file.

72 Utsuho the Conjurer (level 4, -1/31 HPs)
             Began as a Human Conjurer on May 16, 2016.
             Was a Follower of Kikubaaqudgha.
             Slain by an adder (3 damage)
             ... on level 2 of the Dungeon.
             The game lasted 00:47:40 (1769 turns).

Utsuho the Conjurer (Human Conjurer)                Turns: 1769, Time: 00:47:41

Health: -1/31      AC:  5    Str:  8    XL:     4   Next: 48%
Magic:  0/7        EV: 13    Int: 16    God:    Kikubaaqudgha [*.....]
Gold:   104        SH:  0    Dex: 14    Spells: 4 memorised, 0 levels left

rFire  . . .     SeeInvis .     e - +1 dagger
rCold  . . .     Gourm    .     a - +0 robe
rNeg   . . .     Faith    .     (no shield)
rPois  .         Spirit   .     (no helmet)
rElec  .         Dismiss  .     (no cloak)
rCorr  .         Reflect  .     (no gloves)
SustAt .         Harm     .     h - +2 pair of boots {Fly}
MR     .....                    (no amulet)
Stlth  ++........               (no ring)
                                (no ring)

@: flying, very slightly contaminated, not resistant to hostile enchantments,
unstealthy
A: no striking features
a: Receive Corpses, Renounce Religion, Stop Flying


You were on level 2 of the Dungeon.
You worshipped Kikubaaqudgha.
Kikubaaqudgha was aware of your devotion.
You were not hungry.

You visited 1 branch of the dungeon, and saw 3 of its levels.

You collected 104 gold pieces.

Inventory:

Hand Weapons
 e - a +1 dagger (weapon)
Missiles
 f - 22 arrows
Armour
 a - a +0 robe (worn)
 h - a +2 pair of boots of flying (worn)
Jewellery
 g - an uncursed ring of loudness
Scrolls
 i - a scroll of identify
Potions
 d - 2 potions of degeneration
Books
 b - a book of Conjurations

   Spells                             Type                      Level
   a - Magic Dart                     Conjuration                  1
   b - Searing Ray                    Conjuration                  2
   c - Dazzling Spray                 Conjuration/Hexes            3
   d - Fulminant Prism                Conjuration/Hexes            4
   e - Iskenderun's Mystic Blast      Conjuration                  4
   f - Iskenderun's Battlesphere      Conjuration/Charms           5
 j - Kikubaaqudgha's Collected Works on Unholy Rituals
   (Kikubaaqudgha gifted it to you on level 2 of the Dungeon)

   Spells                             Type                      Level
   a - Pain                           Necromancy                   1
   b - Corpse Rot                     Necromancy                   2
   c - Sublimation of Blood           Necromancy                   2
   d - Vampiric Draining              Necromancy                   3
   e - Control Undead                 Necromancy                   4
Comestibles
 c - a bread ration
 k - a meat ration


   Skills:
 + Level 0.4 Fighting
 + Level 2.6 Dodging
 + Level 2.0 Stealth
 + Level 2.6 Spellcasting
 + Level 4.8 Conjurations


You couldn't memorise any spells.
You knew the following spells:

 Your Spells              Type           Power        Failure   Level  Hunger
a - Magic Dart            Conj           ###.         3%          1    #......
b - Searing Ray           Conj           ###...       6%          2    ##.....
c - Dazzling Spray        Conj/Hex       #.......     21%         3    ###....
d - Sublimation of Blood  Necr           #.........   30%         2    ##.....


Dungeon Overview and Level Annotations

Branches:
Dungeon (3/15)

Altars:
Kikubaaqudgha


Message History

The adder bites you but does no damage.
You miss the adder.
The adder is heavily wounded.
The adder misses you.
You barely miss the adder.
The adder is heavily wounded.
The adder bites you but does no damage. The adder closely misses you.
You barely miss the adder.
The adder is heavily wounded.
The adder bites you but does no damage.
Casting: Magic Dart
Confirm with . or Enter, or press ? or * to list all spells.
Aiming: Magic Dart
Press: ? - help, Shift-Dir - straight line, f/p - adder
Aim: an adder (heavily wounded)
The magic dart hits the adder.
The adder is almost dead.
The adder bites you.
You die...
Kikubaaqudgha rasps: "You have failed me!
Welcome... death!"

#....8....# #....#
#...8.8...##########....#
#..8._.8.........##.....#
##...8.8...........#.....# ##
#.....8..............#.### ##.
#[.......[...........#.## ##..
#...###.##...........#..####..#
#... #..##...........##......##
#.............@...(......#####
#....####....S.......##.##
#.... ##.........####.# ###
#..........# #.# ####
#............... ....
#..........####. ####
#..........# ...........# ###
..........## #..


You could see an adder.

Vanquished Creatures
  Jessica (D:2)
  An adder (D:1)
  2 giant geckos (D:1)
  5 goblins
  5 hobgoblins
  3 jackals
  A ball python (D:3)
  4 bats
  2 giant newts
  5 kobolds
  6 rats
35 creatures vanquished.

Notes
Turn   | Place    | Note
--------------------------------------------------------------
     0 | D:1      | Utsuho the Human Conjurer began the quest for the Orb.
     0 | D:1      | Reached XP level 1. HP: 13/13 MP: 3/3
   490 | D:1      | Reached XP level 2. HP: 11/19 MP: 3/5
   520 | D:1      | Learned a level 2 spell: Searing Ray
  1112 | D:2      | Reached XP level 3. HP: 24/24 MP: 4/6
  1514 | D:2      | Learned a level 2 spell: Searing Ray
  1518 | D:2      | Learned a level 3 spell: Dazzling Spray
  1547 | D:2      | Found a faded altar to an unknown god.
  1573 | D:2      | Noticed Jessica
  1593 | D:2      | Killed Jessica
  1593 | D:2      | Reached XP level 4. HP: 12/31 MP: 0/7
  1603 | D:2      | Became a worshipper of Kikubaaqudgha
  1603 | D:2      | Reached * piety under Kikubaaqudgha
  1603 | D:2      | Received a gift from Kikubaaqudgha
  1603 | D:2      | Identified Kikubaaqudgha's Collected Works on Unholy Rituals (Kikubaaqudgha gifted it to you on level 2 of the Dungeon)
  1699 | D:3      | Learned a level 2 spell: Sublimation of Blood
  1769 | D:2      | Slain by an adder

Action                   |  1- 3 |  4- 6 || total
-------------------------+-------+-------++-------
Melee: Dagger            |    25 |     6 ||    31
 Cast: Magic Dart        |    42 |     7 ||    49
       Searing Ray       |     7 |     2 ||     9
       Dazzling Spray    |     1 |       ||     1
  Use: Scroll            |     5 |     1 ||     6
       Potion            |     1 |       ||     1
  Eat: Pizza             |     1 |       ||     1
       Bread ration      |     1 |       ||     1
Armor: Robe              |    17 |     7 ||    24
Dodge: Dodged            |    49 |    13 ||    62
